 Dungeon Crawl Stone Soup version 0.29-a0-337-g68df138881 (webtiles) character file.

Game seed: 200067766503650706

399 spaghetti the Conjurer (level 6, -7/39 HPs)
             Began as an Octopode Conjurer on Apr 16, 2022.
             Was an Initiate of Ru.
             Splashed by a jelly's acid (8 damage)
             ... on level 5 of the Dungeon.
             The game lasted 00:07:26 (4557 turns).

spaghetti the Conjurer (Octopode Conjurer)          Turns: 4557, Time: 00:07:26

Health: -7/39      AC:  5    Str:  6    XL:     6   Next: 84%
Magic:  7/19       EV: 13    Int: 22    God:    Ru [......]
Gold:   137        SH:  5    Dex: 11    Spells: 0/11 levels left

rFire   . . .      SeeInvis .   y - +0 falchion (elec) {long}
rCold   . . .      Faith    .   (no shield)
rNeg    . . .      Spirit   .   (helmet restricted)
rPois   .          Reflect  +   w - amulet of reflection
rElec   .          Harm     .   g - ring of magical power
rCorr   .          Rampage  .   o - +4 ring of protection
Will    .....                   (no ring)
Stlth   ++++......              (no ring)
HPRegen 0.13/turn               (no ring)
MPRegen 0.16/turn               (no ring)
                                (no ring)
                                (no ring)

@: mighty, very slightly contaminated, invisible
A: almost no armour, amphibious, 8 rings, camouflage 1, gelatinous body 1,
(nimble swimmer 1), tentacles
a: Renounce Religion, Sacrifice Drink, Sacrifice Skill, Sacrifice Purity, Reject
Sacrifices


You were on level 5 of the Dungeon.
You worshipped Ru.
Ru was noncommittal.
You visited 2 branches of the dungeon, and saw 6 of its levels.

You collected 137 gold pieces.


Innate Abilities, Weirdness & Mutations

You cannot wear most types of armour.
You are amphibious.
You can wear up to eight rings at the same time.
Your skin changes colour to match your surroundings (Stealth+).
Your rubbery body absorbs attacks. (AC +1, EV +1)
((You are camouflaged when in or above water. (Stealth+)))
You have tentacles for arms and can constrict up to eight enemies at once.


   Skills:
 + Level 2.3 Fighting
 + Level 3.3 Dodging
 + Level 4.8 Stealth
 + Level 3.1 Spellcasting
 * Level 5.6 Conjurations


You couldn't memorise any spells.
You knew the following spells:

 Your Spells              Type           Power      Damage    Failure   Level
a - Magic Dart            Conj           100%       1d8       1%          1
b - Searing Ray           Conj           56%        2d6       1%          2
c - Fulminant Prism       Conj/Hex       7%         3d7       36%         4
d - Iskenderun's Mystic   Conj/Tloc      15%        2d5       36%         4

Your spell library contained the following spells:

 Spells                   Type           Power      Damage    Failure   Level
 Dazzling Flash           Conj/Hex       30%        N/A       12%         3
 Summon Guardian Golem    Hex/Summ       3%         N/A       36%         3
 Orb of Destruction       Conj           14%        9d7       100%        7
 Spellforged Servitor     Conj/Summ      7%         N/A       100%        7

Inventory:

Hand Weapons
 b - a +0 club {mace}
   (You took it off a goblin on level 1 of the Dungeon)
 d - a +0 dagger {short}
   (You took it off a goblin on level 1 of the Dungeon)
 y - a +0 falchion of electrocution (weapon) {long}
   (You took it off an orc on level 4 of the Dungeon)
Missiles
 f - 11 poisoned darts {throwing}
 h - 192 stones {throwing}
Jewellery
 g - a ring of magical power (left tentacle)
   (You found it on level 1 of the Dungeon)
 o - a +4 ring of protection (right tentacle)
   (You found it on level 3 of the Dungeon)
 w - an amulet of reflection (around mantle)
   (You found it on level 4 of the Dungeon)
Scrolls
 c - a scroll of teleportation {@r4}
 e - 2 scrolls of enchant armour
 i - 5 scrolls of identify {unknown}
 j - 3 scrolls of enchant weapon {unknown}
 l - a scroll of amnesia {unknown}
 m - a scroll of holy word {unknown}
 q - 2 scrolls of immolation {unknown}
 s - 2 scrolls of torment {unknown}
 t - a scroll of vulnerability {unknown}
 v - a scroll of magic mapping {unknown}
 x - a scroll of noise {unknown}
Potions
 r - a potion of ambrosia {unknown}
 u - a potion of cancellation {unknown}

Dungeon Overview and Level Annotations

Branches:
Dungeon (5/15)             Temple (1/1) D:4

Altars:
Ashenzari
Cheibriados
Dithmenos
Elyvilon
Fedhas
Gozag
Makhleb
Nemelex Xobeh
Ru
Sif Muna
Trog
Uskayaw
Vehumet
Wu Jian
Xom
Yredelemnul
The Shining One

Shops:
D:1 (   D:2 :

Annotations:
D:5 Edmund

######## #......##
#...@.... . #.# #.#
...
#.####.####.####.....
#..........@@Jln.....
#######.####.####<....
#.......# #.# ...
##.###### ### . #.#
#.# #.# #.# #.#


You could see Edmund (can't see you), a necrophage (can't see you), an iguana
(can't see you) and a jelly.


Message History

The jelly is knocked back by the mystic blast. 😕 HP[+1] MP[-4]
You lost 4 mp, and now have 15/19 mp.
You cannot move.
Casting: Iskenderun's Mystic Blast (extremely dangerous; 36% risk of failure)
Confirm with . or Enter, or press ? or * to list all spells.
Aiming: Searing Ray (safe; 1% risk of failure)
Press: ? - help, Shift-Dir - straight line, f - Edmund
Aim: Edmund, wielding a +0 flail of holy wrath and wearing a +2 ring mail of fire resistance (lightly wounded, 82% to hit)
The searing ray hits Edmund! (Press . to maintain the ray.)
You are no longer locked in place.
A necrophage comes into view. 😕 MP[-2]
You lost 2 mp, and now have 13/19 mp.
The searing ray hits Edmund but does no damage.
The jelly misses you. 😕 MP[-1]
You lost 1 mp, and now have 12/19 mp.
The searing ray hits Edmund!
Edmund drinks a potion.
Edmund is healed!
The jelly barely misses you. 😕 MP[-1]
You lost 1 mp, and now have 11/19 mp.
The searing ray hits Edmund but does no damage.
You finish channelling your searing ray.
Edmund closely misses you. The jelly hits you but does no damage.
Casting: Searing Ray (safe; 1% risk of failure)
Confirm with . or Enter, or press ? or * to list all spells.
Aiming: Searing Ray (safe; 1% risk of failure)
Press: ? - help, Shift-Dir - straight line, f/p - Edmund
Aim: Edmund, wielding a +0 flail of holy wrath and wearing a +2 ring mail of fire resistance (heavily wounded, 82% to hit)
The searing ray hits Edmund. (Press . to maintain the ray.) Edmund says, "I'm quite good with sums, too."
Edmund misses you. The jelly barely misses you. 😕 MP[-2]
You lost 2 mp, and now have 9/19 mp.
The searing ray misses Edmund.
Edmund hits you with a +0 flail of holy wrath.
The jelly hits you but does no damage. 😮 HP[-3] MP[-1]
You take 3 damage, and now have 27/39 hp.
You lost 1 mp, and now have 8/19 mp.
The searing ray hits Edmund.
Edmund hits you with a +0 flail of holy wrath.
The jelly hits you but does no damage. 😮 HP[-2] MP[-1]
You take 2 damage, and now have 25/39 hp.
You lost 1 mp, and now have 7/19 mp.
The searing ray hits Edmund.
You finish channelling your searing ray.
Edmund hits you with a +0 flail of holy wrath!
* * * LOW HITPOINT WARNING * * *
The jelly hits you.
* * * LOW HITPOINT WARNING * * *
You are splashed with acid!
* * * LOW HITPOINT WARNING * * *
😱 HP[-18] MP[-1]
You take 18 damage, and now have 7/39 hp.
MASSIVE DAMAGE!! (PAUSE)
You lost 1 mp, and now have 6/19 mp.
Okay, then.
Casting: Searing Ray (safe; 1% risk of failure)
Confirm with . or Enter, or press ? or * to list all spells.
Aiming: Searing Ray (safe; 1% risk of failure)
Press: ? - help, Shift-Dir - straight line, f/p - Edmund
Aim: Edmund, wielding a +0 flail of holy wrath and wearing a +2 ring mail of fire resistance (severely wounded, 82% to hit)
Okay, then.
Okay, then.
It was a potion of might.
You feel very mighty all of a sudden.
Edmund hits you with a +0 flail of holy wrath.
* * * LOW HITPOINT WARNING * * *
The jelly hits you but does no damage. 😱 HP[-6]
You take 6 damage, and now have 1/39 hp.
It was a potion of invisibility.
You fade into invisibility!
Edmund misses you. You block the jelly's attack. 😱 MP[+1]
Okay, then.
Okay, then.
You feel better.
Edmund hits you with a +0 flail of holy wrath.
* * * LOW HITPOINT WARNING * * *
You block the jelly's attack. 😱 HP[+4]
You regained 4 hp, and now have 5/39 hp.
You feel better. You block Edmund's attack. The jelly hits you.
* * * LOW HITPOINT WARNING * * *
You are splashed with acid!
* * * LOW HITPOINT WARNING * * *
You feel better.
Edmund hits you with a +0 flail of holy wrath!
* * * LOW HITPOINT WARNING * * *
The jelly hits you.
* * * LOW HITPOINT WARNING * * *
You are splashed with acid!
You die...

Skill      XL: |  1  2  3  4  5  6 |
---------------+-------------------+-----
Stealth        | 3 4 |  4.8
Fighting       | 1 2 |  2.3
Conjurations   | 5 |  5.6
Dodging        | 3 |  3.3
Spellcasting   | 3 |  3.1

Action                   |  1- 3 |  4- 6 || total
-------------------------+-------+-------++-------
Melee: Unarmed           |     3 |       ||     3
       Constrict         |     5 |       ||     5
       Tentacles         |     5 |       ||     5
       Dagger            |     8 |       ||     8
 Cast: Magic Dart        |    82 |    60 ||   142
       Searing Ray       |     2 |    15 ||    17
       Iskenderun's Myst |       |     3 ||     3
  Use: Potion            |       |     7 ||     7
       Scroll            |       |     2 ||     2
Armor: Skin              |     4 |     5 ||     9
Dodge: Dodged            |    13 |    23 ||    36
Block: Other             |       |     7 ||     7

Levels and vault maps discovered:
D:1:      minmay_arrival_plants_in_alcoves, layout_loops_ring, serial_shops,
          nicolae_shop_hallway_plus
D:2:      layout_basic, hellmonk_ecumenical_altar_pennies_from_heaven,
          basic_altar, serial_shops, shop
D:3:      layout_basic
D:4:      layout_gridville, mainiacjoe_overflow_big_doors,
          mainiacjoe_overflow_surrounded_room, minmay_temple_entry_butterflies
D:5:      layout_basic, uniq_edmund
Temple:   eino_temple_lava

Notes
Turn   | Place    | Note
-------+----------+-------------------------------------------
     0 | D:1      | spaghetti the Octopode Conjurer began the quest for the
                  | Orb.
     0 | D:1      | Reached XP level 1. HP: 11/11 MP: 3/3
     0 | D:1      | magus.rc [v1.9.6]
   122 | D:1      | Reached XP level 2. HP: 18/18 MP: 0/5
   185 | D:1      | Reached skill level 3 in Stealth
   344 | D:1      | Found Kaphihip's Weapon Shoppe.
   576 | D:1      | Reached XP level 3. HP: 22/22 MP: 6/6
  1037 | D:1      | You pick up a book of Dangerous Friends and begin
                  | reading...
  1037 | D:1      | You add the spells Summon Guardian Golem, Orb of
                  | Destruction and Spellforged Servitor to your library.
  1419 | D:2      | Learned a level 2 spell: Searing Ray
  1461 | D:2      | Reached skill level 1 in Fighting
  1573 | D:2      | Found a burning altar of Makhleb.
  1610 | D:2      | Found Yneilypa's Book Boutique.
  1671 | D:2      | Noticed a black bear
  1678 | D:2      | Killed a black bear
  1679 | D:2      | Reached skill level 4 in Stealth
  1679 | D:2      | Reached XP level 4. HP: 20/28 MP: 7/7
  1679 | D:2      | Reached XP level 5. HP: 23/33 MP: 7/8
  1780 | D:2      | Found a faded altar of an unknown god.
  2102 | D:2      | Reached skill level 5 in Conjurations
  3174 | D:4      | Found a staircase to the Ecumenical Temple.
  3184 | Temple   | Entered the Ecumenical Temple
  3242 | Temple   | Became a worshipper of Ru the Awakened
  3420 | D:4      | Found a white marble altar of Elyvilon.
  3544 | D:4      | Reached skill level 3 in Dodging
  3615 | D:4      | Found a shadowy altar of Dithmenos.
  3803 | D:4      | Reached XP level 6. HP: 39/39 MP: 10/10
  3953 | D:4      | Reached skill level 2 in Fighting
  3953 | D:4      | Reached skill level 3 in Spellcasting
  4250 | D:4      | Found an opulent altar of Gozag.
  4357 | D:4      | Learned a level 4 spell: Fulminant Prism
  4368 | D:4      | Learned a level 4 spell: Iskenderun's Mystic Blast
  4453 | D:5      | Entered Level 5 of the Dungeon
  4520 | D:5      | Noticed Edmund
  4552 | D:5      | HP: 7/39 [acid (8)]
  4553 | D:5      | HP: 1/39 [Edmund/+0 flail of holy wrath (6)]
  4557 | D:5      | Splashed by a jelly's acid

Vanquished Creatures
  A black bear (D:2)
  A phantom (D:4)
  A howler monkey (D:5)
  A jelly (D:4)
  An orc priest (D:4)
  2 adders
  3 dart slugs
  15 orcs
  6 endoplasms
  7 giant cockroaches
  9 goblins
  6 hobgoblins
  6 jackals (D:1)
  6 kobolds
  4 quokkas
  7 ball pythons
  6 bats
  5 rats
87 creatures vanquished.

Table legend:
 A = Non-vault XP
 B = Vault XP
 C = Vault XP percentage of total XP
 D = Non-vault monster count
 E = Vault monster count
 F = Vault count percentage of total count
                 A         B        C        D         E       F
            +---------+---------+-------+---------+---------+-------
      Total |     570 |       0 |   0.0 |      87 |       0 |   0.0
            +---------+---------+-------+---------+---------+-------
        D:1 |      52 |       0 |   0.0 |      29 |       0 |   0.0
        D:2 |     175 |       0 |   0.0 |      18 |       0 |   0.0
        D:3 |      28 |       0 |   0.0 |      15 |       0 |   0.0
        D:4 |     247 |       0 |   0.0 |      23 |       0 |   0.0
        D:5 |      68 |       0 |   0.0 |       2 |       0 |   0.0
            +---------+---------+-------+---------+---------+-------

Illustrated notes

Table legend:
 A = Kills in this place as a percentage of kills in entire the game.
 B = Kills by you in this place as a percentage of kills by you in the entire game.
 C = Kills by friends in this place as a percentage of kills by friends in the entire game.
 D = Other kills in this place as a percentage of other kills in the entire game.
 E = Experience gained in this place as a percentage of experience gained in the entire game.
 F = Experience gained in this place divided by the number of levels of this place that you have seen.
                   A       B       C       D       E      F
               +-------+-------+-------+-------+-------+----------------------
         Total | 100.0 | 100.0 |   N/A |   N/A | 100.0 |  95.0
       Dungeon | 100.0 | 100.0 |   N/A |   N/A | 100.0 | 114.0
               +-------+-------+-------+-------+-------+----------------------

Table legend: (Time is in decaauts)
 A = Elapsed time spent in this place.
 B = Non-inter-level travel time spent in this place.
 C = Inter-level travel time spent in this place.
 D = Time resting spent in this place.
 E = Time spent auto-exploring this place.
 F = Levels seen in this place.
 G = Mean time per level.
                   A        B        C        D        E       F      G
               +--------+--------+--------+--------+--------+-----+--------+
         Total |   4558 |   4227 |    331 |    202 |   3564 |   6 |  759.7 |
       Dungeon |   4490 |   4174 |    316 |    202 |   3535 |   5 |  898.0 |
        Temple |     67 |     52 |     15 |      0 |     29 |   1 |   67.0 |
               +--------+--------+--------+--------+--------+-----+--------+

Top non-repeatable levels by time:
     D:2: 1242 daAuts
     D:4: 1237 daAuts
     D:1: 1223 daAuts
     D:3: 684 daAuts
     D:5: 103 daAuts
  Temple: 67 daAuts
